 Dungeon Crawl Stone Soup version 0.21.1-1-g345015f (webtiles) character file.

100 tidbits the Sneak (level 4, 0/32 HPs)
             Began as a Gnoll Enchanter on June 6, 2018.
             Killed from afar by a dart slug (8 damage)
             ... with a slug dart
             ... on level 3 of the Dungeon.
             The game lasted 00:06:40 (556 turns).

tidbits the Sneak (Gnoll Enchanter)                  Turns: 556, Time: 00:06:41

Health: 0/32       AC:  3    Str: 11    XL:     4   Next: 73%
Magic:  0/11       EV: 15    Int: 18    God:
Gold:   77         SH:  0    Dex: 15    Spells: 4/13 levels left

rFire    . . .     SeeInvis .   b - +0 trident
rCold    . . .     Gourm    .   (no shield)
rNeg     . . .     Faith    .   j - +0 robe
rPois    .         Spirit   .   E - +0 helmet
rElec    .         Reflect  .   (no cloak)
rCorr    .         Harm     .   (no gloves)
MR       .....                  (no boots)
Stlth    +++.......             (no amulet)
HPRegen  0.10/turn              (no ring)
MPRegen  0.12/turn              (no ring)

@: no status effects
A: distributed training, fangs 1, strong nose
a: no special abilities


You were on level 3 of the Dungeon.
You were not hungry.

You visited 1 branch of the dungeon, and saw 3 of its levels.

You collected 77 gold pieces.

Inventory:

Hand Weapons
 a - a +1 dagger
 b - a +0 trident (weapon)
 e - a +0 spear
 l - a +0 hunting sling
 o - a +0 battleaxe
Missiles
 f - 36 stones (quivered)
 h - 33 sling bullets
Armour
 j - a +0 robe (worn)
 E - a +0 helmet (worn)
Magical Staves
 p - an uncursed staff of cold
   (You found it on level 3 of the Dungeon)
Scrolls
 k - a scroll of remove curse {unknown}
 n - a scroll of random uselessness {unknown}
 q - a scroll of enchant weapon {unknown}
Potions
 g - a potion of haste {unknown}
 i - a potion of brilliance {unknown}
 m - a potion of cancellation {unknown}
Books
 c - a book of Maledictions

   Spells                             Type                      Level
   a - Corona                         Hexes                        1
   b - Ensorcelled Hibernation        Hexes/Ice                    2
   c - Confuse                        Hexes                        3
   d - Tukima's Dance                 Hexes                        3
   e - Dazzling Spray                 Conjuration/Hexes            3
Comestibles
 d - a ration


   Skills:
 + Level 1.2 Fighting
 + Level 2.8 Short Blades
 + Level 1.2 Long Blades
 + Level 1.2 Axes
 + Level 1.2 Maces & Flails
 + Level 1.2 Polearms
 + Level 1.2 Staves
 + Level 1.2 Slings
 + Level 1.2 Bows
 + Level 1.2 Crossbows
 + Level 1.2 Throwing
 + Level 1.2 Armour
 + Level 4.6 Dodging
 + Level 6.0 Stealth
 + Level 1.2 Shields
 + Level 1.2 Unarmed Combat
 + Level 5.1 Spellcasting
 + Level 1.0 Conjurations
 + Level 5.5 Hexes
 + Level 1.0 Charms
 + Level 1.0 Summonings
 + Level 1.0 Necromancy
 + Level 1.0 Translocations
 + Level 1.0 Transmutations
 + Level 1.0 Fire Magic
 + Level 1.0 Ice Magic
 + Level 1.0 Air Magic
 + Level 1.0 Earth Magic
 + Level 1.0 Poison Magic
 + Level 1.3 Invocations
 + Level 1.2 Evocations


You had 4 spell levels left.
You knew the following spells:

 Your Spells              Type           Power        Failure   Level  Hunger
a - Corona                Hex            ###....      1%          1    None
c - Confuse               Hex            ###.....     4%          3    ##.....
d - Dazzling Spray        Conj/Hex       ###...       11%         3    ##.....
e - Ensorcelled Hibernat  Hex/Ice        ###...       5%          2    #......


Dungeon Overview and Level Annotations

Branches:
Dungeon (3/15)

Altars:


Innate Abilities, Weirdness & Mutations

Your experience applies equally to all skills.
You have very sharp teeth.
Your uncanny sense of smell can sniff out nearby items.


Message History

Your Air Magic skill increases to level 1!
Your Earth Magic skill increases to level 1!
Your Poison Magic skill increases to level 1!
Things that are here:
a sapphire potion; an adder corpse
m - a sapphire potion You feel sick.
A rat comes into view.
You see here a knobbly smoking staff.
p - a knobbly smoking staff Wield which item (- for none, * to show all)? (? for menu, Esc to quit)
p - an uncursed staff of cold (weapon)
You feel sick.
You are no longer poisoned.
Wield which item (- for none, * to show all)? (? for menu, Esc to quit)
a - a +1 dagger (weapon)
Casting: Corona
Confirm with . or Enter, or press ? or * to list all spells.
Aiming: Corona
Press: ? - help, Shift-Dir - straight line, f - rat
Aim: a rat (chance to defeat MR: 79%)
The rat is outlined in light.
You hit the rat.
You kill the rat!
You see here a scroll labeled BIN QOP PIWIAS.
q - a scroll labeled BIN QOP PIWIAS A bat comes into view.
The bat closely misses you.
Casting: Corona
Confirm with . or Enter, or press ? or * to list all spells.
Aiming: Corona
Press: ? - help, Shift-Dir - straight line, f - bat
Aim: a bat (chance to defeat MR: 79%)
The bat barely resists.
The bat hits you but does no damage.
Casting: Corona
Confirm with . or Enter, or press ? or * to list all spells.
Aiming: Corona
Press: ? - help, Shift-Dir - straight line, f/p - bat
Aim: a bat (chance to defeat MR: 79%)
The bat barely resists.
The bat closely misses you.
Casting: Corona
Confirm with . or Enter, or press ? or * to list all spells.
You don't have enough magic to cast that spell.
The bat hits you but does no damage. The bat closely misses you.
You hit the bat but do no damage. You bite the bat.
The bat is moderately wounded.
The bat barely misses you. The bat misses you. The bat closely misses you.
The bat barely misses you. The bat misses you.
You hit the bat.
The bat is moderately wounded.
The bat hits you but does no damage. The bat hits you but does no damage.
The bat barely misses you. The bat misses you.
The bat hits you but does no damage. The bat hits you but does no damage.
You hit the hobgoblin but do no damage. The bat hits you but does no damage.
The hobgoblin hits you but does no damage.
Casting: Corona
Confirm with . or Enter, or press ? or * to list all spells.
Aiming: Ensorcelled Hibernation
Press: ? - help, Shift-Dir - straight line, f - hobgoblin, p - bat
Aim: a hobgoblin, wielding a club (chance to defeat MR: 64%)
The hobgoblin looks drowsy...
The bat misses you.
The helpless hobgoblin fails to defend itself.
You impale the hobgoblin!!
You kill the hobgoblin!
The bat hits you but does no damage.
You hit the bat.
The bat is moderately wounded.
The bat hits you but does no damage. The bat closely misses you.
Wield which item (- for none, * to show all)? (? for menu, Esc to quit)
b - a +0 trident (weapon)
The bat barely misses you.
You miss the bat.
The bat is moderately wounded.
The bat hits you but does no damage. x2
Attack whom?
Press: ? - help, Dir - move target cursor, f - bat
Aim: a bat (moderately wounded)
You reach to attack!
You hit the bat.
You kill the bat!
Found a ration.
You see here a club.
A dart slug comes into view.
The dart slug moves out of view.
Found a scroll labeled XIYLITW PEBOR.
You see here a bat corpse.
Found a ration.
Found a stone staircase leading up.
Casting: Ensorcelled Hibernation
Confirm with . or Enter, or press ? or * to list all spells.
Aiming: Corona
Press: ? - help, Shift-Dir - straight line, f - dart slug
Aim: a dart slug (clinging, chance to defeat MR: 79%)
The dart slug is outlined in light.
The dart slug launches a dart at you. The slug dart hits you!
You die...

#...(..<.......#####.#........
#.......#.....................
#...........####.####.###.......
...##......### #......# #####...
.## #......### ######..# ###
#........###....#..#
#......#..##...%####
#########)†.....# ####@...#
#....# #<.w.# #.%.?# ######


You could see a dart slug.

Vanquished Creatures
  Robin (D:2)
  4 adders
  2 dart slugs (D:2)
  2 worms (D:2)
  5 bats
  7 hobgoblins
  4 kobolds
  2 frilled lizards
  12 goblins
  4 rats
43 creatures vanquished.

Notes
Turn   | Place    | Note
-------+----------+-------------------------------------------
     0 | D:1      | tidbits the Gnoll Enchanter began the quest for the Orb.
     0 | D:1      | Reached XP level 1. HP: 13/13 MP: 6/6
    92 | D:1      | Reached XP level 2. HP: 19/19 MP: 4/7
    96 | D:1      | Learned a level 2 spell: Ensorcelled Hibernation
   229 | D:2      | Reached XP level 3. HP: 12/25 MP: 2/9
   234 | D:2      | Learned a level 3 spell: Confuse
   238 | D:2      | Learned a level 3 spell: Dazzling Spray
   300 | D:2      | Reached skill level 5 in Spellcasting
   338 | D:2      | Noticed Robin
   353 | D:2      | Reached skill level 6 in Stealth
   372 | D:2      | Reached skill level 1 in Invocations
   378 | D:2      | Reached skill level 1 in Fighting
   378 | D:2      | Reached skill level 1 in Long Blades
   378 | D:2      | Reached skill level 1 in Axes
   378 | D:2      | Reached skill level 1 in Maces & Flails
   378 | D:2      | Reached skill level 1 in Polearms
   378 | D:2      | Reached skill level 1 in Staves
   378 | D:2      | Reached skill level 1 in Slings
   378 | D:2      | Reached skill level 1 in Bows
   378 | D:2      | Reached skill level 1 in Crossbows
   378 | D:2      | Reached skill level 1 in Throwing
   378 | D:2      | Reached skill level 1 in Armour
   378 | D:2      | Reached skill level 1 in Shields
   378 | D:2      | Reached skill level 1 in Unarmed Combat
   378 | D:2      | Reached skill level 1 in Evocations
   378 | D:2      | Reached XP level 4. HP: 17/32 MP: 0/11
   401 | D:2      | Killed Robin
   506 | D:3      | Reached skill level 1 in Conjurations
   506 | D:3      | Reached skill level 1 in Charms
   506 | D:3      | Reached skill level 1 in Summonings
   506 | D:3      | Reached skill level 1 in Necromancy
   506 | D:3      | Reached skill level 1 in Translocations
   506 | D:3      | Reached skill level 1 in Transmutations
   506 | D:3      | Reached skill level 1 in Fire Magic
   506 | D:3      | Reached skill level 1 in Ice Magic
   506 | D:3      | Reached skill level 1 in Air Magic
   506 | D:3      | Reached skill level 1 in Earth Magic
   506 | D:3      | Reached skill level 1 in Poison Magic
   556 | D:3      | Killed from afar by a dart slug

Skill      XL: |  1  2  3  4 |
---------------+-------------+-----
Spellcasting   | 5 |  5.1
Stealth        | 6 |  6.0
Invocations    | 1 |  1.3
Fighting       | 1 |  1.2
Long Blades    | 1 |  1.2
Axes           | 1 |  1.2
Maces & Flails | 1 |  1.2
Polearms       | 1 |  1.2
Staves         | 1 |  1.2
Slings         | 1 |  1.2
Bows           | 1 |  1.2
Crossbows      | 1 |  1.2
Throwing       | 1 |  1.2
Armour         | 1 |  1.2
Shields        | 1 |  1.2
Unarmed Combat | 1 |  1.2
Evocations     | 1 |  1.2
Conjurations   | 1 |  1.0
Charms         | 1 |  1.0
Summonings     | 1 |  1.0
Necromancy     | 1 |  1.0
Translocations | 1 |  1.0
Transmutations | 1 |  1.0
Fire Magic     | 1 |  1.0
Ice Magic      | 1 |  1.0
Air Magic      | 1 |  1.0
Earth Magic    | 1 |  1.0
Poison Magic   | 1 |  1.0
Short Blades   | |  2.8
Dodging        | |  4.6
Hexes          | |  5.5

Action                   |  1- 3 |  4- 6 || total
-------------------------+-------+-------++-------
Melee: Dagger            |    46 |    25 ||    71
       Bite              |     3 |     4 ||     7
       Trident           |    12 |    14 ||    26
       Battleaxe         |       |     5 ||     5
 Fire: Hunting sling     |     3 |     3 ||     6
 Cast: Corona            |    17 |     9 ||    26
       Ensorcelled Hiber |     8 |     6 ||    14
 Stab: Sleeping          |    13 |     4 ||    17
Armor: Robe              |     8 |    12 ||    20
Dodge: Dodged            |    37 |    40 ||    77

Table legend:
 A = Turns spent in this place as a percentage of turns spent in the entire game.
 B = Non-inter-level travel turns spent in this place as a percentage of non-inter-level travel turns spent in the entire game.
 C = Inter-level travel turns spent in this place as a percentage of turns spent in this place.
 D = Turns resting spent in this place as a percentage of non-inter-level travel turns spent in this place.
 E = Turns spent auto-exploring this place as a percentage of non-inter-level travel turns spent in this place.
 F = Non-inter-level travel turns spent in this place divided by the number of levels of this place that you've seen.
                   A       B       C       D       E      F
               +-------+-------+-------+-------+-------+----------------------
         Total | 100.0 | 100.0 |   0.0 |   0.0 |   0.0 | 185.3
       Dungeon | 100.0 | 100.0 |   0.0 |   0.0 |   0.0 | 185.3
               +-------+-------+-------+-------+-------+----------------------

Table legend:
 A = Kills in this place as a percentage of kills in entire the game.
 B = Kills by you in this place as a percentage of kills by you in the entire game.
 C = Kills by friends in this place as a percentage of kills by friends in the entire game.
 D = Other kills in this place as a percentage of other kills in the entire game.
 E = Experience gained in this place as a percentage of experience gained in the entire game.
 F = Experience gained in this place divided by the number of levels of this place that you have seen.
                   A       B       C       D       E      F
               +-------+-------+-------+-------+-------+----------------------
         Total | 100.0 | 100.0 |   N/A |   N/A | 100.0 |  47.7
       Dungeon | 100.0 | 100.0 |   N/A |   N/A | 100.0 |  47.7
               +-------+-------+-------+-------+-------+----------------------

Vault maps used:
D:1:      dpeg_arrival_castle
D:2:      lemuel_blue_sif_altar, first_ration, uniq_robin
D:3:      grunt_temple_overflow_growth_and_decay, tgw_trog, uniq_grinder
